[Event "Titled Tuesday Blitz June 13 Late 2023"]
[White "Gerbelli Neto, Eduardo"]
[Black "Maluco_do_Natal_00"]
[WhiteFideId "2103281"]
[WhiteElo "2178"]
[BlackElo "2084"]
[Result "0-1"]
[Round "6"]
[TimeControl "180+2"]
[Date "2023.06.13"]
[WhiteClock "0:01:10"]
[BlackClock "0:00:31"]
[Board "157"]

1. e4 c5 2. Nc3 Nc6 3. f4 e6 4. Nf3 a6 5. d4 cxd4 6. Nxd4 Bc5 7. Nxc6 bxc6 8. Qg4 Qf6 9. e5 Qg6 10. Qxg6 hxg6 11. Ne4 Bb6 12. c4 Nh6 13. Nd6+ Ke7 14. Bd3 Ng4 15. h3 Nf2 16. Rf1 Nxd3+ 17. Kd2 Nxc1 18. Raxc1 Bc5 19. Ne4 Bd4 20. b4 Rb8 21. Kd3 Bb6 22. a4 Bc7 23. Rb1 d5 24. exd6+ Bxd6 25. c5 Bc7 26. Kc4 Rd8 27. g4 e5 28. f5 Rd4+ 0-1


[Site "https://www.chess.com"]

[Event "Titled Tuesday Blitz June 13 Late 2023"]
[White "Francisco_Ferrari"]
[Black "Ricaurte Lopez, Juan Carlos"]
[BlackFideId "3600327"]
[WhiteElo "2336"]
[BlackElo "2200"]
[Result "0-1"]
[Round "6"]
[TimeControl "180+2"]
[Date "2023.06.13"]
[WhiteClock "0:00:00"]
[BlackClock "0:01:10"]
[Board "158"]

1. d4 Nf6 2. Nf3 e6 3. c4 b6 4. g3 Bb7 5. Bg2 c5 6. O-O cxd4 7. Nxd4 Bxg2 8. Kxg2 Qc8 9. b3 Qb7+ 10. Kg1 a6 11. Bb2 Nc6 12. Nc3 Be7 13. e4 d6 14. Re1 O-O 15. Nc2 Rac8 16. Ne3 b5 17. Qd3 b4 18. Ne2 Ne5 19. Bxe5 dxe5 20. f3 Bc5 21. Rad1 Rfd8 22. Qxd8+ Rxd8 23. Rxd8+ Bf8 24. Red1 Qb6 25. Kf2 g5 26. R1d3 Kg7 27. Kg2 Bc5 28. Nc2 Qa5 29. Nc1 g4 30. fxg4 Nxe4 31. R8d7 Nf6 32. Rb7 h6 33. h3 e4 34. Rd1 e3 35. Kf3 Bf8 36. Nxe3 Qe5 0-1


[Site "https://www.chess.com"]

[Event "Titled Tuesday Blitz June 13 Late 2023"]
[White "Sairam, Pranav"]
[Black "Eisa Mohmood, Alkhoori"]
[WhiteFideId "30951330"]
[BlackFideId "9316116"]
[WhiteElo "1918"]
[BlackElo "1364"]
[Result "1-0"]
[Round "6"]
[TimeControl "180+2"]
[Date "2023.06.13"]
[WhiteClock "0:00:02"]
[BlackClock "0:00:02"]
[Board "159"]

1. e4 c5 2. Nf3 d6 3. d4 cxd4 4. Nxd4 Nf6 5. Nc3 g6 6. Be3 Bg7 7. f3 O-O 8. Bc4 Nc6 9. Qd2 Bd7 10. O-O Rc8 11. Bb3 Ne5 12. a4 Nc4 13. Bxc4 Rxc4 14. b3 Rc8 15. Na2 b6 16. c4 Bc6 17. Nb4 Bb7 18. Nd3 Nd7 19. a5 Qc7 20. Rfb1 Nc5 21. Nb5 Qb8 22. Ra3 a6 23. Nd4 Qc7 24. axb6 Qxb6 25. Nf2 Qc7 26. b4 Ne6 27. Rc1 Rfd8 28. Ra5 Qb8 29. Nxe6 fxe6 30. Ng4 h5 31. Nh6+ Kh7 32. Nf7 d5 33. Nxd8 Rxd8 34. exd5 exd5 35. cxd5 Be5 36. f4 Bd6 37. Rf1 Bc8 38. Bc5 Bc7 39. Ra3 Rd7 40. Re3 Bb7 41. Rxe7+ Rxe7 42. Bxe7 Qe8 43. d6 Bb6+ 44. Kh1 Qd7 45. Re1 h4 46. Bxh4 Qh3 47. Re7+ Kh6 48. f5+ Kh5 49. Qg5# 1-0


[Site "https://www.chess.com"]

[Event "Titled Tuesday Blitz June 13 Late 2023"]
[White "Vargas, Mauricio"]
[Black "Slovineanu, Viacheslav"]
[WhiteFideId "4404572"]
[BlackFideId "13900510"]
[WhiteElo "1986"]
[BlackElo "2312"]
[Result "0-1"]
[Round "6"]
[TimeControl "180+2"]
[Date "2023.06.13"]
[WhiteClock "0:00:00"]
[BlackClock "0:00:32"]
[Board "160"]

1. e4 c6 2. Nc3 d5 3. d3 Qc7 4. Nge2 dxe4 5. Bf4 e5 6. Bg3 exd3 7. Qxd3 Nd7 8. O-O-O Ngf6 9. Nd4 Bb4 10. Nf5 O-O 11. a3 Nc5 12. Qf3 Bxc3 13. bxc3 Qa5 14. c4 Bxf5 15. Qxf5 Qxa3+ 16. Kd2 Nce4+ 17. Ke2 Nc3+ 18. Ke1 Nxd1 19. Kxd1 Rad8+ 20. Ke2 Qc3 21. Bxe5 Rfe8 22. f4 Rd2+ 23. Ke1 Qe3+ 24. Be2 Rxe2+ 25. Kd1 Ne4 0-1


[Site "https://www.chess.com"]

[Event "Titled Tuesday Blitz June 13 Late 2023"]
[White "Chess_maylovsky"]
[Black "Ward, Ieuan C"]
[BlackFideId "406627"]
[WhiteElo "2045"]
[BlackElo "2273"]
[Result "0-1"]
[Round "6"]
[TimeControl "180+2"]
[Date "2023.06.13"]
[WhiteClock "0:02:02"]
[BlackClock "0:01:29"]
[Board "161"]

1. c4 Nf6 2. Nc3 e6 3. e4 d5 4. e5 Ne4 5. d4 Nxc3 6. bxc3 c5 7. cxd5 exd5 8. Nf3 Nc6 9. Bd3 Be7 10. h4 Bg4 11. a4 Qa5 12. Bd2 cxd4 13. cxd4 Bb4 14. Bxb4 Qxb4+ 15. Kf1 Bxf3 16. Qxf3 Qxd4 17. Rd1 Qxa4 18. Qxd5 Qxd1# 0-1


[Site "https://www.chess.com"]

[Event "Titled Tuesday Blitz June 13 Late 2023"]
[White "rionelG"]
[Black "Romanchuk, Viktor"]
[BlackFideId "14109271"]
[WhiteElo "2209"]
[BlackElo "2242"]
[Result "0-1"]
[Round "6"]
[TimeControl "180+2"]
[Date "2023.06.13"]
[WhiteClock "0:00:00"]
[BlackClock "0:00:35"]
[Board "162"]

1. e4 c6 2. d4 d5 3. e5 c5 4. dxc5 e6 5. a3 Nc6 6. b4 a5 7. b5 Nxe5 8. Bb2 Nd7 9. c6 bxc6 10. bxc6 Nb8 11. Bb5 Qc7 12. Nf3 Nxc6 13. Nd4 Bd7 14. O-O Nf6 15. Nd2 Nxd4 16. Bxd7+ Qxd7 17. Bxd4 Be7 18. c4 O-O 19. cxd5 Qxd5 20. Nf3 a4 21. Qe2 Rfd8 22. Rfd1 Qe4 23. Qb5 h6 24. h3 Rd5 25. Qb7 Rd7 26. Qxe4 Nxe4 27. Ne5 Rd5 28. Nc6 Bf8 29. Nb4 Nd6 30. Nxd5 exd5 31. Bc5 Ra5 32. Bb4 Rb5 33. Rac1 Nc4 34. Bxf8 Kxf8 35. Rc3 Ke7 36. Rcd3 Kd6 37. Rc1 Rb3 38. Rcc3 Rxc3 39. Rxc3 Kc5 40. Kf1 d4 41. Rg3 g5 42. f4 gxf4 43. Rf3 Kd5 44. Rxf4 Nxa3 45. Rxf7 Nb5 46. Rf6 a3 47. Rxh6 Nd6 48. Rh5+ Kc4 49. Ra5 Kb4 50. Ra6 Nc4 0-1


[Site "https://www.chess.com"]

[Event "Titled Tuesday Blitz June 13 Late 2023"]
[White "Benedetti, Julio"]
[Black "Novikova, Margarita"]
[WhiteFideId "172545"]
[BlackFideId "14109689"]
[WhiteElo "2263"]
[BlackElo "2013"]
[Result "1-0"]
[Round "6"]
[TimeControl "180+2"]
[Date "2023.06.13"]
[WhiteClock "0:00:57"]
[BlackClock "0:00:34"]
[Board "163"]

1. e4 d5 2. Nc3 dxe4 3. Nxe4 Bf5 4. Ng3 Bg6 5. Nf3 e6 6. h4 h6 7. h5 Bh7 8. d4 Nf6 9. Bd3 Bxd3 10. Qxd3 Nc6 11. Bf4 Bd6 12. Ne2 Qd7 13. O-O-O O-O-O 14. Kb1 Nd5 15. Bxd6 Qxd6 16. a3 Nf4 17. Nxf4 Qxf4 18. g3 Qg4 19. Rh4 Qf5 20. Qxf5 exf5 21. Rf4 g6 22. hxg6 fxg6 23. Rh4 g5 24. Rh5 g4 25. Nh4 Nxd4 26. c3 Nf3 27. Rxd8+ Kxd8 28. Nxf3 gxf3 29. Rxf5 h5 30. Rxf3 h4 31. gxh4 Rxh4 32. Rf7 Kc8 33. Ka2 b6 34. Kb3 Kb7 35. Kc2 Kc6 36. Kd3 Kd6 37. b4 a5 38. bxa5 bxa5 39. f4 Rh3+ 40. Kc4 Kc6 41. Rf6+ Kd7 42. a4 Rf3 43. Rf5 Kd6 44. Kd4 c5+ 45. Kc4 Ke6 46. Re5+ Kd6 47. Rd5+ Ke6 48. f5+ Kf6 49. Rxc5 Rf4+ 50. Kb5 Ke7 51. Kxa5 Kd6 52. Kb5 Rf1 53. a5 Rb1+ 54. Kc4 Ra1 55. Rd5+ Kc6 56. Re5 Kd6 57. Re6+ Kd7 58. a6 Ra5 59. Rf6 Ke7 60. Kb4 Ra1 61. Rb6 Rb1+ 62. Kc5 Ra1 63. Rb7+ Kf6 64. a7 Kxf5 65. Kc6 Ke6 66. Kc7 Kd5 67. Kb8 Kc6 68. a8=Q Rb1 69. Rxb1+ 1-0


[Site "https://www.chess.com"]

[Event "Titled Tuesday Blitz June 13 Late 2023"]
[White "Rodrigues Mota, Romulo Cardoso S"]
[Black "Fuentes Godoy, Lilia Ivonne"]
[WhiteFideId "2187442"]
[BlackFideId "5104130"]
[WhiteElo "2001"]
[BlackElo "2024"]
[Result "0-1"]
[Round "6"]
[TimeControl "180+2"]
[Date "2023.06.13"]
[WhiteClock "0:00:01"]
[BlackClock "0:00:38"]
[Board "164"]

1. e4 c5 2. Nf3 Nc6 3. d4 cxd4 4. Nxd4 e5 5. Nb5 a6 6. Nd6+ Bxd6 7. Qxd6 Qe7 8. Qxe7+ Ngxe7 9. Nc3 d5 10. exd5 Nb4 11. Bd3 Nxd3+ 12. cxd3 Bf5 13. d6 Nc6 14. Nd5 O-O-O 15. Nb6+ Kb8 16. O-O Bxd3 17. Rd1 Rxd6 18. f4 e4 19. Be3 Rhd8 20. Bc5 Rg6 21. Rd2 Nd4 22. Kh1 Rc6 23. b4 Ne6 24. g3 Nxc5 25. bxc5 Rxc5 26. Re1 Rd4 27. a4 Rb4 28. Nd7+ Kc7 29. Nxc5 Rd4 30. Nxd3 exd3 31. Re3 Rxa4 32. Rexd3 b5 33. Rd7+ Kc6 34. Rxf7 b4 35. Rxg7 b3 36. Rb2 Ra1+ 37. Kg2 Ra2 38. Rxh7 Rxb2+ 39. Kf3 Ra2 40. Rh6+ Kc5 41. Rh5+ Kc4 42. Rh8 b2 43. Rb8 Ra3+ 44. Ke2 Rb3 45. Rc8+ Kd5 0-1


[Site "https://www.chess.com"]

[Event "Titled Tuesday Blitz June 13 Late 2023"]
[White "Powell, Paul"]
[Black "Kaufman, Raymond"]
[WhiteFideId "2005840"]
[BlackFideId "2015056"]
[WhiteElo "2154"]
[BlackElo "2264"]
[Result "0-1"]
[Round "6"]
[TimeControl "180+2"]
[Date "2023.06.13"]
[WhiteClock "0:00:32"]
[BlackClock "0:00:34"]
[Board "165"]

1. d4 d5 2. Nf3 Nf6 3. Bf4 e6 4. e3 Bd6 5. Ne5 O-O 6. Nd2 Nc6 7. c3 Nd7 8. Nxd7 Bxd7 9. Bd3 h6 10. Qf3 Re8 11. g4 e5 12. dxe5 Nxe5 13. Bxe5 Rxe5 14. h4 g6 15. O-O-O c5 16. Qg2 Bc6 17. f4 Rxe3 18. Bc2 Qe7 19. f5 d4 20. Qf2 Re2 21. Qf1 Qe3 22. fxg6 Bf4 23. gxf7+ Kf8 24. g5 Rxd2 25. Rxd2 Qxd2+ 26. Kb1 Bxh1 27. Qxh1 hxg5 28. hxg5 Qc1+ 29. Qxc1 Bxc1 30. Kxc1 Kxf7 31. g6+ Kf6 32. cxd4 cxd4 33. Bd3 Rh8 34. a3 Rh2 35. a4 a5 36. b3 Ke5 37. Kd1 Rg2 38. Kc1 Kf4 39. Kd1 Ke3 40. Bf5 d3 0-1


[Site "https://www.chess.com"]

[Event "Titled Tuesday Blitz June 13 Late 2023"]
[White "dorpato"]
[Black "Magallanes, Rey Jomar"]
[BlackFideId "5205948"]
[WhiteElo "2056"]
[BlackElo "2251"]
[Result "0-1"]
[Round "6"]
[TimeControl "180+2"]
[Date "2023.06.13"]
[WhiteClock "0:00:03"]
[BlackClock "0:00:15"]
[Board "166"]

1. e4 c5 2. Nc3 d6 3. g3 Nf6 4. Bg2 g6 5. d3 Nc6 6. h3 Bg7 7. Be3 e6 8. Qd2 O-O 9. Bh6 d5 10. Bxg7 Kxg7 11. O-O-O a6 12. f4 d4 13. Nce2 b5 14. e5 Nd5 15. Bxd5 Qxd5 16. Rh2 Qxa2 17. c3 Na5 18. Kc2 Qa4+ 19. Kb1 Nb3 20. Qe1 c4 21. Nxd4 Nxd4 22. cxd4 Bb7 23. dxc4 bxc4 24. Rc2 Rab8 25. Rdd2 Rfc8 26. Rc3 Bd5 27. g4 Rb3 28. Rdc2 Rcb8 29. f5 Qa3 30. f6+ Kg8 31. Rxb3 Qxb3 32. Qe2 c3 33. Kc1 cxb2+ 34. Rxb2 Rc8+ 35. Kb1 Qa3 36. Qd2 Rc3 37. Qe2 Rc8 38. h4 Bc4 39. Qd2 Bd3+ 0-1


[Site "https://www.chess.com"]

[Event "Titled Tuesday Blitz June 13 Late 2023"]
[White "Dominguez Rincon, Miller Duvan"]
[Black "Wang, Alexander J"]
[WhiteFideId "4406583"]
[BlackFideId "30955270"]
[WhiteElo "1986"]
[BlackElo "2231"]
[Result "0-1"]
[Round "6"]
[TimeControl "180+2"]
[Date "2023.06.13"]
[WhiteClock "0:00:00"]
[BlackClock "0:00:42"]
[Board "167"]

1. e4 c5 2. Nf3 d6 3. d4 cxd4 4. Nxd4 Nf6 5. Nc3 g6 6. Be3 Bg7 7. f3 O-O 8. Qd2 Nc6 9. Bc4 Bd7 10. Bb3 Ne5 11. O-O-O Rc8 12. h4 h5 13. Bg5 Rc5 14. g4 hxg4 15. f4 Nc6 16. Nde2 Na5 17. e5 Nxb3+ 18. axb3 dxe5 19. Bxf6 Bxf6 20. Qxd7 Qxd7 21. Rxd7 exf4 22. Ne4 Rf5 23. Nxf6+ exf6 24. Rf1 f3 25. Ng3 Re5 26. Rxb7 f5 27. Rb4 Rfe8 28. Kd2 Rd8+ 29. Kc1 Ra5 30. Ra4 Rxa4 31. bxa4 Rd4 32. b3 f4 33. Nh1 g3 34. Nf2 gxf2 35. Rxf2 f6 36. Rxf3 g5 37. c3 Re4 38. Kd2 g4 39. Rf1 g3 40. Kd3 Re3+ 41. Kd4 g2 42. Rg1 Re2 0-1


[Site "https://www.chess.com"]

[Event "Titled Tuesday Blitz June 13 Late 2023"]
[White "Nihal Sarin"]
[Black "Eljanov, Pavel"]
[WhiteFideId "25092340"]
[BlackFideId "14102951"]
[WhiteElo "2689"]
[BlackElo "2598"]
[Result "1-0"]
[Round "7"]
[TimeControl "180+2"]
[Date "2023.06.13"]
[WhiteClock "0:00:09"]
[BlackClock "0:00:20"]
[Board "1"]

1. e4 e5 2. Nf3 Nc6 3. Bb5 a6 4. Ba4 Nf6 5. O-O Be7 6. Re1 b5 7. Bb3 O-O 8. h3 Bb7 9. d3 d5 10. exd5 Nxd5 11. Nbd2 Qd7 12. a4 Nf4 13. Ne4 Ng6 14. h4 Qg4 15. Bg5 Bxg5 16. hxg5 Na5 17. Nfd2 Qxd1 18. Raxd1 Nxb3 19. Nxb3 bxa4 20. Nbc5 Bc6 21. Nc3 Rab8 22. Rb1 Rb4 23. f3 a5 24. Na6 Rb6 25. Nc5 Rb4 26. Na6 Rh4 27. Nxc7 Rh5 28. N7d5 Rxg5 29. Kf2 Rd8 30. Ne3 h5 31. Ra1 h4 32. Nxa4 Nf4 33. Nc3 Rd6 34. Rh1 Rdg6 35. Rh2 h3 36. g4 Kh7 37. Rxa5 Bxf3 38. Kxf3 e4+ 39. Kxf4 Rxa5 40. Rxh3+ Rh6 41. Rxh6+ Kxh6 42. Nxe4 1-0


[Site "https://www.chess.com"]

[Event "Titled Tuesday Blitz June 13 Late 2023"]
[White "Korobov, Anton"]
[Black "Sarana, Alexey"]
[WhiteFideId "14105730"]
[BlackFideId "24133795"]
[WhiteElo "2638"]
[BlackElo "2714"]
[Result "0-1"]
[Round "7"]
[TimeControl "180+2"]
[Date "2023.06.13"]
[WhiteClock "0:01:10"]
[BlackClock "0:01:15"]
[Board "2"]

1. c4 e6 2. Nf3 d5 3. g3 Nf6 4. Bg2 Be7 5. O-O O-O 6. b3 b6 7. Bb2 Bb7 8. e3 c5 9. Qe2 Nc6 10. d3 Qd7 11. Ne1 Rad8 12. f4 Ne8 13. Nd2 Bf6 14. Bxf6 Nxf6 15. g4 dxc4 16. bxc4 Nb4 17. Bxb7 Qxb7 18. a3 Nxd3 19. Nxd3 Qd7 20. Ne5 Qxd2 21. Ra2 Qxe2 22. Rxe2 Ne4 23. f5 exf5 24. Rxf5 Rfe8 25. Nc6 Rd7 26. Rd5 Rc7 27. Nd8 Nc3 0-1


[Site "https://www.chess.com"]

[Event "Titled Tuesday Blitz June 13 Late 2023"]
[White "Xiong, Jeffery"]
[Black "Aravindh, Chithambaram VR."]
[WhiteFideId "2047640"]
[BlackFideId "5072786"]
[WhiteElo "2726"]
[BlackElo "2596"]
[Result "1/2-1/2"]
[Round "7"]
[TimeControl "180+2"]
[Date "2023.06.13"]
[WhiteClock "0:01:39"]
[BlackClock "0:00:39"]
[Board "3"]

1. e4 c6 2. Nf3 d5 3. d3 dxe4 4. dxe4 Qxd1+ 5. Kxd1 Nf6 6. Nfd2 g6 7. f3 Bh6 8. a4 O-O 9. c3 Be6 10. Kc2 Rd8 11. Na3 Nbd7 12. Bc4 Nc5 13. Nb3 Nxb3 14. Kxb3 Bxc1 15. Raxc1 Bxc4+ 16. Nxc4 Nd7 17. a5 b5 18. axb6 axb6 19. Ra1 b5 20. Na5 Ne5 21. Kc2 g5 22. Nb7 Rdb8 23. Nc5 Kg7 24. b3 Rd8 25. Nb7 Rdb8 26. Nc5 Rd8 27. Nb7 Rg8 28. Nc5 Rgd8 1/2-1/2


[Site "https://www.chess.com"]

[Event "Titled Tuesday Blitz June 13 Late 2023"]
[White "Kovalev, Vladislav"]
[Black "Nakamura, Hikaru"]
[WhiteFideId "13504398"]
[BlackFideId "2016192"]
[WhiteElo "2555"]
[BlackElo "2874"]
[Result "1-0"]
[Round "7"]
[TimeControl "180+2"]
[Date "2023.06.13"]
[WhiteClock "0:00:13"]
[BlackClock "0:01:46"]
[Board "4"]

1. e4 c5 2. Nf3 Nc6 3. Bb5 g6 4. O-O Bg7 5. c3 Nf6 6. Re1 O-O 7. d4 Qb6 8. Na3 cxd4 9. cxd4 d5 10. e5 Ne4 11. h3 f6 12. exf6 exf6 13. Qb3 Qd8 14. Bxc6 bxc6 15. Rxe4 Rb8 16. Qxb8 dxe4 17. Ne1 Qxd4 18. Be3 Qd5 19. Qb3 f5 20. Rd1 Qxb3 21. axb3 Bxb2 22. Nc4 Bf6 23. Bxa7 Be6 24. Nc2 Ra8 25. Bd4 Be7 26. Ra1 Rb8 27. Na5 Rc8 28. Ne3 f4 29. Nec4 c5 30. Be5 g5 31. Nb7 h6 32. Nbd6 Rd8 33. Nxe4 Rd3 34. Ra7 Kf8 35. Bg7+ Ke8 36. Bxh6 Rxb3 37. Ncd6+ Kd8 38. Bxg5 Bxg5 39. Nxg5 Bd5 40. Ngf7+ Bxf7 41. Nxf7+ Kc8 42. Nd6+ Kd8 43. Nb7+ Ke8 44. Nxc5 1-0


[Site "https://www.chess.com"]

[Event "Titled Tuesday Blitz June 13 Late 2023"]
[White "Simonian, Hrair"]
[Black "Paravyan, David"]
[WhiteFideId "13302337"]
[BlackFideId "4194985"]
[WhiteElo "2447"]
[BlackElo "2563"]
[Result "1/2-1/2"]
[Round "7"]
[TimeControl "180+2"]
[Date "2023.06.13"]
[WhiteClock "0:00:07"]
[BlackClock "0:00:06"]
[Board "5"]

1. e4 e5 2. Nf3 Nf6 3. d4 Nxe4 4. Bd3 d5 5. Nxe5 Nd7 6. Qe2 Nxe5 7. Bxe4 dxe4 8. Qxe4 Be6 9. Qxe5 Qd7 10. Be3 O-O-O 11. Nc3 Bb4 12. O-O f6 13. Qg3 Bxc3 14. bxc3 h5 15. Rfd1 h4 16. Qf4 Qc6 17. h3 Rh5 18. f3 b6 19. Bf2 Qxc3 20. Qe4 Qc4 21. a4 Ra5 22. Be1 Bf5 23. Qa8+ Kd7 24. Qb7 Qa6 25. Qxa6 Rxa6 26. Ra2 g5 27. c4 Re8 28. Kf2 Kc8 29. Bc3 Bd7 30. Rda1 f5 31. d5 g4 32. Bf6 gxh3 33. gxh3 f4 34. Bxh4 Bxh3 35. Bg5 Rf8 36. a5 bxa5 37. Rxa5 Rxa5 38. Rxa5 Kb7 39. c5 a6 40. Ra4 Bc8 41. Bxf4 Rf5 42. Rb4+ Ka7 43. Bxc7 Rxd5 44. Ke3 Bb7 45. Bb6+ Kb8 46. f4 Bc6 47. Ba5+ Kc8 48. Bb6 Kd7 49. Rb2 Rh5 50. Kd4 Rd5+ 51. Ke3 Rd1 52. Rh2 Re1+ 53. Kd2 Rf1 54. Rh7+ Ke8 55. Rh6 Bb5 56. c6 Bxc6 57. Rxc6 Rxf4 58. Be3 Ra4 59. Kc3 Kd7 60. Rh6 Re4 61. Bd4 a5 62. Kc4 Re6 63. Rh7+ Re7 64. Rh5 a4 65. Ra5 a3 66. Kd5 Re1 67. Ra7+ Ke8 68. Be5 a2 69. Rxa2 Kf7 70. Rg2 Rd1+ 71. Bd4 Ke7 72. Rg7+ Kd8 73. Rh7 Rd2 74. Ke5 Kc8 75. Bc5 Rd7 76. Rh6 Rd1 77. Bd4 Kb7 78. Kd5 Kc7 79. Rh7+ Kd8 80. Rh8+ Kd7 81. Rh4 Rd2 82. Rg4 Rd1 83. Rg7+ Kd8 84. Kc5 Ke8 85. Bf6 Rd7 86. Rg8+ Kf7 87. Rg7+ Ke6 88. Rxd7 Kxd7 1/2-1/2


[Site "https://www.chess.com"]

[Event "Titled Tuesday Blitz June 13 Late 2023"]
[White "Jumabayev, Rinat"]
[Black "Duda, Jan-Krzysztof"]
[WhiteFideId "13702661"]
[BlackFideId "1170546"]
[WhiteElo "2561"]
[BlackElo "2783"]
[Result "0-1"]
[Round "7"]
[TimeControl "180+2"]
[Date "2023.06.13"]
[WhiteClock "0:00:00"]
[BlackClock "0:01:20"]
[Board "6"]

1. d4 Nf6 2. Nf3 e6 3. c4 d5 4. g3 Bb4+ 5. Nbd2 O-O 6. Bg2 dxc4 7. O-O b5 8. Ne5 Nd5 9. Qc2 Bb7 10. b3 Bc3 11. Rb1 Bxd4 12. bxc4 Bxe5 13. cxd5 Bxd5 14. Rxb5 c6 15. Rb1 Qa5 16. a3 Qc3 17. Rb2 Qxc2 18. Rxc2 f5 19. Nc4 Bc7 20. Ne3 Bb6 21. Rd1 Na6 22. Nxd5 cxd5 23. Rc6 Kf7 24. Bg5 Rfc8 25. Rxe6 Kxe6 26. Bxd5+ Ke5 27. Kg2 f4 28. gxf4+ Kf5 29. e4+ Kg6 30. h4 h6 31. f5+ Kh7 32. Bf4 Rd8 33. Kf3 Nc7 0-1


[Site "https://www.chess.com"]

[Event "Titled Tuesday Blitz June 13 Late 2023"]
[White "Maksimovic, Bojan"]
[Black "Vazquez, Guillermo"]
[WhiteFideId "14408120"]
[BlackFideId "3702308"]
[WhiteElo "2457"]
[BlackElo "2543"]
[Result "0-1"]
[Round "7"]
[TimeControl "180+2"]
[Date "2023.06.13"]
[WhiteClock "0:00:05"]
[BlackClock "0:00:15"]
[Board "7"]

1. Nf3 d5 2. g3 Nc6 3. Bg2 e5 4. O-O Nf6 5. d3 Be7 6. Nc3 O-O 7. e4 dxe4 8. Nxe4 Nxe4 9. dxe4 Bc5 10. Qe2 Qe7 11. Be3 Be6 12. Rfd1 f6 13. a3 a5 14. Bf1 Rfd8 15. h3 g6 16. Qe1 Kg7 17. Kh2 b6 18. Qc3 Bxe3 19. Qxe3 Rd6 20. Rxd6 Qxd6 21. Be2 Nd4 22. Rd1 Nxf3+ 23. Bxf3 Qe7 24. Qd2 h5 25. h4 Re8 26. Bg2 Qc5 27. Bh3 Bxh3 28. Kxh3 Re7 29. Kg2 Qc4 30. f3 Qc5 31. a4 b5 32. axb5 Qxb5 33. b3 a4 34. bxa4 Qxa4 35. Qd3 Qc6 36. Rd2 Qc5 37. Qd8 Rf7 38. Qd5 Qc3 39. Qd3 Qc5 40. Kf1 f5 41. Kg2 f4 42. gxf4 Rxf4 43. Qd7+ Rf7 44. Qe6 Qc3 45. Rf2 Qc5 46. Kg3 Qd4 47. Qd5 Qxd5 48. exd5 Rf4 49. Re2 Rc4 50. Rxe5 Rxc2 51. Kf4 Kf6 52. Re6+ Kf7 53. Rc6 Rxc6 54. dxc6 Kf6 55. Ke4 Ke6 56. f4 Kf6 57. Kd5 Kf5 58. Kc5 Kxf4 59. Kd4 g5 60. hxg5 Kxg5 61. Ke5 h4 62. Ke6 h3 63. Kd7 h2 64. Kxc7 h1=Q 65. Kb7 Kf6 66. Kb6 Qb1+ 67. Ka7 Qa2+ 68. Kb7 Qb3+ 69. Ka7 Qa4+ 70. Kb7 Qb5+ 71. Kc7 Ke7 72. Kc8 Qxc6+ 73. Kb8 Qd7 74. Ka8 Kd6 75. Kb8 Kc6 0-1


[Site "https://www.chess.com"]

[Event "Titled Tuesday Blitz June 13 Late 2023"]
[White "Van Foreest, Jorden"]
[Black "Kravtsiv, Martyn"]
[WhiteFideId "1039784"]
[BlackFideId "14113147"]
[WhiteElo "2633"]
[BlackElo "2695"]
[Result "1-0"]
[Round "7"]
[TimeControl "180+2"]
[Date "2023.06.13"]
[WhiteClock "0:00:26"]
[BlackClock "0:00:00"]
[Board "8"]

1. e4 e5 2. Nf3 Nc6 3. Bb5 a6 4. Ba4 Nf6 5. O-O Be7 6. d3 b5 7. Bb3 d6 8. a3 O-O 9. Nc3 Bg4 10. Be3 Nd4 11. Bxd4 exd4 12. Nd5 Nxd5 13. Bxd5 Rb8 14. h3 Bd7 15. Nxd4 Bf6 16. c3 Bxd4 17. cxd4 c6 18. Bb3 Qf6 19. Qd2 Qxd4 20. Rac1 c5 21. Qc3 Qxc3 22. bxc3 Be6 23. Bxe6 fxe6 24. f4 Kf7 25. Kf2 Ke7 26. Ke3 Kd7 27. Rf2 Kc6 28. g3 a5 29. Ra1 Rb7 30. Rc2 d5 31. Rb2 Rd8 32. Rab1 d4+ 33. cxd4 Rxd4 34. Rc1 Rbd7 35. Rb3 a4 36. Rbc3 Kb6 37. Ke2 c4 38. dxc4 Rxe4+ 39. Kf3 Rxc4 40. Rxc4 bxc4 41. Rxc4 Rd3+ 42. Kg4 Rxa3 43. Re4 Kb5 44. Re5+ Kb4 45. Re4+ Kc3 46. Re3+ Kb2 47. Re2+ Kc1 48. Re1+ Kc2 49. Re4 Ra1 50. Rxe6 a3 51. Re7 Rb1 52. Rc7+ Kb2 53. Rb7+ Kc2 54. Ra7 Rb3 55. Rxg7 a2 56. Ra7 Kb2 57. Rxa2+ Kxa2 58. f5 Kb2 59. f6 Rb7 60. Kf5 Kc3 61. Ke6 Rb6+ 62. Ke7 Rb7+ 63. Kf8 Kd4 64. f7 Ke5 65. Kg8 Rb8+ 66. f8=Q Rxf8+ 67. Kxf8 Kf6 68. Kg8 Kg6 69. Kh8 Kh6 70. h4 Kg6 71. g4 h6 72. h5+ Kg5 73. Kg7 1-0


[Site "https://www.chess.com"]

[Event "Titled Tuesday Blitz June 13 Late 2023"]
[White "Bortnyk, Olexandr"]
[Black "Rodrigue-Lemieux, Shawn"]
[WhiteFideId "14120828"]
[BlackFideId "2620049"]
[WhiteElo "2733"]
[BlackElo "2405"]
[Result "0-1"]
[Round "7"]
[TimeControl "180+2"]
[Date "2023.06.13"]
[WhiteClock "0:00:00"]
[BlackClock "0:00:35"]
[Board "9"]

1. e4 c6 2. c4 d5 3. cxd5 cxd5 4. exd5 Nf6 5. Qa4+ Nbd7 6. Nc3 g6 7. Bc4 Bg7 8. d3 O-O 9. Nf3 a6 10. Qa3 Nb6 11. Qb3 Qc7 12. O-O Bg4 13. Ne5 Nxc4 14. Nxc4 Rad8 15. Ne3 Bc8 16. a4 Ng4 17. Nxg4 Bxg4 18. Re1 Bf5 19. Bg5 Rd7 20. Ne4 Qa5 21. Rac1 h6 22. Bh4 g5 23. Bg3 Qxd5 24. Qxd5 Rxd5 25. Nc3 Rd7 26. Rcd1 Rfd8 27. h4 e6 28. hxg5 hxg5 29. Ne4 Rxd3 30. Rxd3 Rxd3 31. Nc5 Rd2 32. b3 Rb2 33. Rd1 b6 34. Rd8+ Kh7 35. Nxa6 Rxb3 36. Rd7 Kg6 37. Nb8 Ra3 38. Nc6 Bf6 39. Ne5+ Bxe5 40. Bxe5 Rxa4 41. Rb7 Rb4 42. Rb8 f6 43. Bd6 Rb1+ 44. Kh2 Be4 45. f3 Bd5 46. Rg8+ Kf7 47. Rf8+ Kg7 48. Rb8 b5 49. Kg3 Rb2 50. Bf8+ Kf7 51. Bc5 Bc4 52. Rf8+ Kg7 53. Rxf6 Rxg2+ 54. Kxg2 Kxf6 55. Kf2 Kf5 56. Ke3 e5 57. Bd6 Bd5 58. Be7 Bc6 59. Bd8 b4 60. Be7 b3 61. Ba3 e4 62. fxe4+ Bxe4 63. Bb2 Bc2 64. Kf3 g4+ 65. Ke3 Be4 66. Kf2 Bd5 67. Ba3 Ke4 68. Kg3 Be6 69. Bb2 Kd3 70. Kf2 Kc2 71. Be5 b2 72. Bxb2 Kxb2 0-1


[Site "https://www.chess.com"]

[Event "Titled Tuesday Blitz June 13 Late 2023"]
[White "Swiercz, Dariusz"]
[Black "Najer, Evgeniy"]
[WhiteFideId "1126881"]
[BlackFideId "4118987"]
[WhiteElo "2620"]
[BlackElo "2545"]
[Result "1-0"]
[Round "7"]
[TimeControl "180+2"]
[Date "2023.06.13"]
[WhiteClock "0:00:19"]
[BlackClock "0:00:02"]
[Board "10"]

1. e4 e5 2. Nf3 Nc6 3. Bb5 a6 4. Ba4 Nf6 5. O-O Be7 6. d3 d6 7. c4 Bg4 8. h3 Bxf3 9. Qxf3 O-O 10. Be3 Nd4 11. Qd1 c6 12. Nd2 Nd7 13. Nf3 Nxf3+ 14. Qxf3 Nc5 15. Bc2 Ne6 16. Rad1 Bg5 17. Qe2 Qe7 18. g3 Bxe3 19. fxe3 g6 20. Rf2 Kg7 21. Rdf1 h5 22. h4 Rad8 23. Rf3 Rd7 24. Qf2 Qd8 25. Bd1 Nc5 26. Qc2 a5 27. R3f2 f6 28. g4 hxg4 29. Bxg4 Rdf7 30. h5 f5 31. hxg6 Rc7 32. Bxf5 Qg5+ 33. Kh1 Qxe3 34. Rh2 Kg8 35. Rh3 Qg5 36. Qh2 Qf6 37. Rh7 Re7 38. Rf3 Rfe8 39. Be6+ Qxe6 40. Rh8+ Kg7 41. Qh7# 1-0


[Site "https://www.chess.com"]

[Event "Titled Tuesday Blitz June 13 Late 2023"]
[White "Erdogmus, Yagiz Kaan"]
[Black "Fressinet, Laurent"]
[WhiteFideId "44599790"]
[BlackFideId "608742"]
[WhiteElo "2359"]
[BlackElo "2633"]
[Result "0-1"]
[Round "7"]
[TimeControl "180+2"]
[Date "2023.06.13"]
[WhiteClock "0:02:22"]
[BlackClock "0:02:41"]
[Board "11"]

1. e4 e5 2. Nf3 Nc6 3. Bc4 Bc5 4. O-O d6 5. h3 Nf6 6. Nc3 a6 7. a3 h6 8. d3 g5 9. Be3 g4 10. hxg4 Bxg4 11. Bxc5 dxc5 12. Nd5 Nd4 13. Re1 Bxf3 14. gxf3 Rg8+ 15. Kf1 Nxd5 0-1


[Site "https://www.chess.com"]